 Dungeon Crawl Stone Soup version 0.28-a0-1143-gcf6077d4cc (webtiles) character file.

Game seed: 9667693860601709220

635 ytrimaz the Insei (level 7, -7/46 HPs)
             Began as an Octopode Transmuter on Dec 13, 2021.
             Mangled by a troll (12 damage)
             ... on level 5 of the Dungeon.
             The game lasted 00:03:41 (4760 turns).

ytrimaz the Insei (Octopode Transmuter)             Turns: 4760, Time: 00:03:42

Health: -7/46      AC:  2    Str: 18    XL:     7   Next: 50%
Magic:  10/13      EV: 19    Int: 15    God:
Gold:   234        SH:  5    Dex: 17    Spells: 4/14 levels left

rFire   . . .      SeeInvis .     - Unarmed
rCold   . . .      Faith    .   (shield currently unavailable)
rNeg    . . .      Spirit   .   (helmet currently unavailable)
rPois   x          Reflect  +   c - amulet of reflection
rElec   .          Harm     .   d - +6 ring of strength
rCorr   .          Rampage  .   (no ring)
Will    .....                   (no ring)
Stlth   ++........              (no ring)
HPRegen 0.15/turn               (no ring)
MPRegen 0.13/turn               (no ring)
                                (no ring)
                                (no ring)

@: spider-form
A: venomous fangs, almost no armour, (amphibious), 8 rings, tiny, (camouflage
1), (gelatinous body 1), (nimble swimmer 1), (tentacles)
a: End Transformation


You were on level 5 of the Dungeon.
You were a venomous arachnid creature.
You visited 1 branch of the dungeon, and saw 5 of its levels.

You collected 234 gold pieces.

Inventory:

Jewellery
 c - an amulet of reflection (around neck)
 d - a +6 ring of strength (left front leg)
Wands
 i - a wand of polymorph (4)
Scrolls
 f - a scroll of teleportation
 j - a scroll of fear
Potions
 a - a potion of haste
 b - 3 potions of cancellation
 e - a potion of lignification
 g - 2 potions of curing
 h - a potion of magic {unknown}


   Skills:
 * Level 3.1 Fighting
 - Level 2.0 Dodging
 - Level 0.4 Shields
 + Level 4.9 Unarmed Combat
 * Level 4.2 Spellcasting
 * Level 4.5 Transmutations
 + Level 1.1 Poison Magic


You had 4 spell levels left.
You knew the following spells:

 Your Spells              Type           Power      Damage    Failure   Level
a - Beastly Appendage     Tmut           32%        N/A       10%         1
b - Wereblood             Tmut           16%        N/A       13%         2
c - Spider Form           Tmut/Pois      11%        N/A       36%         3
d - Ice Form              Ice/Tmut       9%         N/A       77%         4

Your spell library contained the following spells:

 Spells                   Type           Power      Damage    Failure   Level
 Passwall                 Tmut/Erth      7%         N/A       26%         2
 Apportation              Tloc           6%         N/A       38%         1
 Summon Small Mammal      Summ           12%        N/A       38%         1
 Swiftness                Air            3%         N/A       69%         3
 Alistair's Intoxication  Tmut/Pois      7%         N/A       94%         5


Dungeon Overview and Level Annotations

Branches:
Dungeon (5/15)
 Temple: D:4-7

Altars:
Dithmenos
Kikubaaqudgha
Sif Muna
Trog
Vehumet
Yredelemnul

Shops:
D:4 [


Innate Abilities, Weirdness & Mutations

You are a venomous arachnid creature.
You have poisonous fangs.
You are tiny and dextrous.
Your spellcasting is less reliable in this form.
Your armour is entirely melded.
You are incapable of wielding weapons or throwing items.
You cannot wear most types of armour.
((You are amphibious.))
You can wear up to eight rings at the same time.
((Your skin changes colour to match your surroundings (Stealth+).))
((Your rubbery body absorbs attacks. (AC +1, EV +1)))
((You are camouflaged near water. (Stealth+)))
((You have tentacles for arms and can constrict up to eight enemies at once.))


Message History

You hit the centaur.
The centaur looks as sick as possible!
The centaur is severely wounded.
The centaur hits you.
* * * LOW HITPOINT WARNING * * *
The centaur closely misses you. x2; The centaur kicks you.
* * * LOW HITPOINT WARNING * * *
Unknown command.
You bite the centaur!
You kill the centaur!
Things that are here:
a +0 shortbow; 23 arrows; a centaur corpse Unknown command.
Your transformation is almost over.
Your transformation has ended.
Magic restored.
Key pressed, stopping explore.
HP restored.
Found a stone staircase leading down.
You see here a +0 chain mail.
A troll comes into view.
Found a scroll of identify.
A troll is nearby!
A troll is nearby!
A troll is nearby!
Casting: Spider Form (dangerous; 17% risk of failure)
Confirm with . or Enter, or press ? or * to list all spells.
You turn into a venomous arachnid creature.
The troll shouts!
The troll closely misses you. The troll misses you. The troll claws you!
You barely miss the troll. The troll bites you! The troll claws you.
You block the troll's attack.
You bite the troll!
The troll is poisoned.
The troll is lightly wounded.
The troll completely misses you. The troll claws you!
* * * LOW HITPOINT WARNING * * *
You block the troll's attack.
You barely miss the troll.
The troll is lightly wounded.
The troll misses you. The troll barely misses you. The troll claws you!
You die...

####.##.#.#.#
########.....#.#.#.#
#...................
#.#.####.##..#.#.#.#
###..>......[).....#.<
#.....#.##.#####...#..
#.....#.##.# #...#..
#.....+.##.# #.#.#..
#....s####.# #.#....
####.T.# #.# #.#....
#.#.# ..# #.#...# ##
.# ### .#.... ?# .# ##


You could see a troll (very poisoned).

Vanquished Creatures
  A black bear (D:4)
  A necrophage (D:4)
  A centaur (D:5)
  A howler monkey (D:4)
  A hound (D:4)
  Jessica (D:2)
  7 orc wizards (D:4)
  3 gnolls (D:3)
  An adder (D:5)
  An adder skeleton (D:4)
  2 worms
  4 dart slugs
  9 orcs
  2 endoplasms
  4 giant cockroaches
  3 goblins (D:3)
  3 hobgoblins
  4 kobolds
  3 quokkas
  4 ball pythons
  2 frilled lizards
  9 rats
67 creatures vanquished.

Notes
Turn   | Place    | Note
-------+----------+-------------------------------------------
     0 | D:1      | ytrimaz the Octopode Transmuter began the quest for the
                  | Orb.
     0 | D:1      | Reached XP level 1. HP: 13/13 MP: 3/3
   120 | D:1      | Found a faded altar of an unknown god.
   731 | D:2      | Reached XP level 2. HP: 15/18 MP: 3/5
   783 | D:2      | Learned a level 2 spell: Wereblood
   788 | D:2      | Noticed Jessica
   796 | D:2      | Killed Jessica
   797 | D:2      | Reached XP level 3. HP: 19/23 MP: 4/6
  1090 | D:2      | Found a shadowy altar of Dithmenos.
  1873 | D:3      | Learned a level 3 spell: Spider Form
  2004 | D:3      | Reached XP level 4. HP: 23/28 MP: 2/8
  3063 | D:4      | Reached XP level 5. HP: 11/34 MP: 1/9
  3384 | D:4      | Found a basalt altar of Yredelemnul.
  3487 | D:4      | Noticed a black bear
  3499 | D:4      | Killed a black bear
  3500 | D:4      | Reached XP level 6. HP: 13/41 MP: 6/11
  3766 | D:4      | Found Diryapp's Antique Armour Shop.
  3766 | D:4      | Noticed a necrophage
  3773 | D:4      | Killed a necrophage
  3996 | D:4      | Noticed a moth of wrath
  4000 | D:4      | Found a bloodstained altar of Trog.
  4162 | D:4      | Found a radiant altar of Vehumet.
  4167 | D:4      | Reached XP level 7. HP: 44/45 MP: 12/12
  4178 | D:4      | Found an ancient bone altar of Kikubaaqudgha.
  4292 | D:4      | Found a shimmering blue altar of Sif Muna.
  4295 | D:4      | Reached skill level 1 in Poison Magic
  4308 | D:4      | Got Sif Muna's Catalogue of Calling
  4413 | D:4      | Learned a level 4 spell: Ice Form
  4434 | D:5      | Entered Level 5 of the Dungeon
  4753 | D:5      | Noticed a troll
  4760 | D:5      | Mangled by a troll

Illustrated notes

Levels and vault maps discovered:
D:1:      dpeg_arrival_short_road, layout_basic,
          shapermc_ecumenical_altar_pompeii
D:2:      layout_basic, basic_altar, minmay_misc_feat_hallway,
          minmay_misc_feat_roman, uniq_jessica
D:3:      layout_basic, minmay_pentangle
D:4:      layout_rooms, palyth_temple_overflow_mages, tgw_trog,
          mainiacjoe_overflow_boulevard, serial_glass, glass_columns_a,
          glass_columns_b, glass_columns_b, glass_columns_c, glass_columns_b,
          nicolae_stop_n_shop_1
D:5:      layout_basic, uniq_sigmund

Skill      XL: |  1  2  3  4  5  6  7 |
---------------+----------------------+-----
Transmutations | 3 4 |  4.5
Spellcasting   | 3 4 |  4.2
Fighting       | 2 3 |  3.1
Unarmed Combat | 4 |  4.9
Poison Magic   | 1 |  1.1
Dodging        | |  2.0
Shields        | |  0.4

Action                   |  1- 3 |  4- 6 |  7- 9 || total
-------------------------+-------+-------+-------++-------
Melee: Unarmed           |    44 |    94 |    23 ||   161
       Constrict         |    15 |    16 |     4 ||    35
       Kick              |     7 |     6 |     3 ||    16
       Tentacles         |     7 |    12 |     5 ||    24
       Punch             |       |     1 |       ||     1
 Cast: Beastly Appendage |    15 |    10 |     2 ||    27
       Spider Form       |       |     6 |     2 ||     8
       Wereblood         |       |     1 |       ||     1
  Use: Scroll            |     2 |     8 |       ||    10
 Stab: Sleeping          |     6 |     1 |       ||     7
Armor: Skin              |     2 |     9 |     1 ||    12
Dodge: Dodged            |    18 |    57 |    22 ||    97
Block: Other             |       |    12 |     8 ||    20

Table legend: (Time is in decaauts)
 A = Elapsed time spent in this place.
 B = Non-inter-level travel time spent in this place.
 C = Inter-level travel time spent in this place.
 D = Time resting spent in this place.
 E = Time spent auto-exploring this place.
 F = Levels seen in this place.
 G = Mean time per level.
                   A        B        C        D        E       F      G
               +--------+--------+--------+--------+--------+-----+--------+
         Total |   4747 |   4674 |     73 |    210 |   3834 |   5 |  949.4 |
       Dungeon |   4747 |   4674 |     73 |    210 |   3834 |   5 |  949.4 |
               +--------+--------+--------+--------+--------+-----+--------+

Top non-repeatable levels by time:
     D:3: 1897 daAuts
     D:4: 1253 daAuts
     D:1: 655 daAuts
     D:2: 616 daAuts
     D:5: 324 daAuts
